 Dungeon Crawl Stone Soup version 0.28-a0-1152-g9c71ebef14 (webtiles) character file.

Game seed: 5668674256352510173

33 tsouns the Poker (level 3, -2/29 HPs)
             Began as a Demonspawn Monk on Dec 15, 2021.
             Was a Plaything of Xom.
             Slain by a worm (10 damage)
             ... on level 2 of the Dungeon.
             The game lasted 00:01:31 (1342 turns).

tsouns the Poker (Demonspawn Monk)                  Turns: 1342, Time: 00:01:32

Health: -2/29      AC:  3    Str: 11    XL:     3   Next: 12%
Magic:  3/3        EV: 12    Int: 13    God:    Xom [..*...]
Gold:   77         SH:  0    Dex: 15    Spells: 2/2 levels left

rFire   . . .      SeeInvis .   a - +0 spear
rCold   . . .      Faith    .   (no shield)
rNeg    . . .      Spirit   .   b - +0 robe
rPois   .          Reflect  .   (no helmet)
rElec   .          Harm     .   (no cloak)
rCorr   .          Rampage  .   c - +0 pair of gloves
Will    .....                   (no boots)
Stlth   ++........              (no amulet)
HPRegen 0.09/turn               (no ring)
MPRegen 0.08/turn               (no ring)

@: no status effects
A: hooves 2
a: Renounce Religion


You were on level 2 of the Dungeon.
You worshipped Xom.
You were a toy of Xom.
You visited 1 branch of the dungeon, and saw 2 of its levels.

You collected 77 gold pieces.

Inventory:

Hand Weapons
 a - a +0 spear (weapon)
 g - a +0 whip of draining
Armour
 b - a +0 robe (worn)
 c - a +0 pair of gloves (worn)
Scrolls
 e - 2 scrolls of enchant weapon {unknown}
 h - a scroll of identify {unknown}
Potions
 d - 2 potions of attraction {unknown}
 f - a potion of curing


   Skills:
 + Level 3.4 Fighting
 * Level 3.5 Polearms
 - Level 2.6 Dodging
 - Level 1.7 Stealth


You had 2 spell levels left.
You didn't know any spells.
Your spell library contained the following spells:

 Spells                   Type           Power      Damage    Failure   Level
 Sting                    Tmut/Pois      0%         1d3       30%         1
 Poisonous Vapours        Pois/Air       0%         N/A       43%         2
 Olgreb's Toxic Radiance  Pois           0%         N/A       97%         4


Dungeon Overview and Level Annotations

Branches:
Dungeon (2/15)

Altars:
Xom


Innate Abilities, Weirdness & Mutations

You have hoof-like feet.


Message History

A worm comes into view.
A worm is nearby!
You barely miss the worm. Your kick misses the worm. You hit the worm.
You kick the worm.
The worm is heavily wounded.
The worm bites you!
You hit the worm but do no damage.
The worm is heavily wounded.
You barely miss the worm. You kick the worm.
The worm is heavily wounded.
The worm bites you!
You are too injured to fight recklessly!
You are too injured to fight recklessly!
You are too injured to fight recklessly!
You are too injured to fight recklessly!
You are too injured to fight recklessly!
You are too injured to fight recklessly!
You are too injured to fight recklessly!
You are too injured to fight recklessly!
You are too injured to fight recklessly!
You are too injured to fight recklessly!
You are too injured to fight recklessly!
You are too injured to fight recklessly!
You are too injured to fight recklessly!
You are too injured to fight recklessly!
You are too injured to fight recklessly!
You are too injured to fight recklessly!
You are too injured to fight recklessly!
You are too injured to fight recklessly!
You hit the worm.
The worm is heavily wounded.
You barely miss the worm.
The worm is heavily wounded.
The worm bites you.
* * * LOW HITPOINT WARNING * * *
You hit the worm.
The worm is heavily wounded.
The worm bites you!
You die... "It's all fun and games until someone loses an eye."

#.#..... .. #.#.#### ..
#.#.# # #. #.#.# #.#.
.. #.#.#### #.#. ..#
#.#.#..# #...## #.#
#.#.#..# #...w# #.##
#.#<.... ######@####..#
#.#.#### #............#
#.#.....
#............###.#.####
#.............##......#
#...........#.####.##.#
#..........##..# #.##.#
#..........###.###'##.#
#..........# #...<..#.#
#..........# ##.....+.#


You could see a worm.

Vanquished Creatures
  3 dart slugs
  3 bats
  2 endoplasms (D:1)
  A giant cockroach (D:2)
  3 goblins (D:1)
  3 hobgoblins
  A quokka (D:1)
  5 ball pythons
  A frilled lizard (D:1)
  3 kobolds (D:1)
25 creatures vanquished.

Notes
Turn   | Place    | Note
-------+----------+-------------------------------------------
     0 | D:1      | tsouns the Demonspawn Monk began the quest for the Orb.
     0 | D:1      | Reached XP level 1. HP: 18/18 MP: 1/1
   328 | D:1      | Gained mutation: You have large cloven feet. [demonic
                  | ancestry]
   328 | D:1      | Reached XP level 2. HP: 19/24 MP: 2/2
   389 | D:1      | Found a faded altar of an unknown god.
   429 | D:1      | Prayed at the altar of an unknown god.
   429 | D:1      | Became a worshipper of Xom of Chaos
   918 | D:1      | XOM: cloud trail
  1127 | D:2      | Gained mutation: You have hoof-like feet. [demonic
                  | ancestry]
  1127 | D:2      | Reached XP level 3. HP: 29/29 MP: 3/3
  1342 | D:2      | Slain by a worm

Illustrated notes

Levels and vault maps discovered:
D:1:      dpeg_arrival_leaves_temple_mockup, layout_basic,
          shapermc_ecumenical_altar_mp_vishouse
D:2:      layout_basic

Skill      XL: |  1 |
---------------+----+-----
Polearms       | 3 |  3.5
Fighting       | |  3.4
Dodging        | |  2.6
Stealth        | |  1.7

Action                   || total
-------------------------++-------
Melee: Spear             ||    90
       Kick              ||    13
  Use: Potion            ||     3
 Stab: Sleeping          ||     4
Armor: Robe              ||    10
Dodge: Dodged            ||    37

Table legend: (Time is in decaauts)
 A = Elapsed time spent in this place.
 B = Non-inter-level travel time spent in this place.
 C = Inter-level travel time spent in this place.
 D = Time resting spent in this place.
 E = Time spent auto-exploring this place.
 F = Levels seen in this place.
 G = Mean time per level.
                   A        B        C        D        E       F      G
               +--------+--------+--------+--------+--------+-----+--------+
         Total |   1336 |   1319 |     17 |      0 |   1107 |   2 |  668.0 |
       Dungeon |   1336 |   1319 |     17 |      0 |   1107 |   2 |  668.0 |
               +--------+--------+--------+--------+--------+-----+--------+

Top non-repeatable levels by time:
     D:1: 1054 daAuts
     D:2: 281 daAuts
